ORI
LOUISIANA STATE UNIVERSITY TIGERS @ FLORIDA STATE UNIVERSITY SEMINOLES
10/29/2046
 
TOP OF THE 1ST
Louisiana State University Tigers batting - Pitching for Florida State University Seminoles : LHP Tsuyashi Kurosawa
Pitching: LHP Tsuyashi Kurosawa
Batting: LHB Elijah Mallandain 0-0: Called Strike
0-1: Ball
1-1: Ball
2-1: Foul Ball, location: 2F
2-2: Strikes out swinging
Batting: RHB Alfredo Padilla 0-0: Called Strike
0-1: Ground out 4-3 (Groundball, 4S, EV 89.4 MPH)
Batting: RHB Pete Roberts 0-0: Ball
1-0: Ball
2-0: Called Strike
2-1: Ball
3-1: Called Strike
3-2: Strikes out looking
Top of the 1st over - 0 runs, 0 hits, 0 errors, 0 left on base; Louisiana State University 0 - Florida State University 0
BOTTOM OF THE 1ST
Florida State University Seminoles batting - Pitching for Louisiana State University Tigers : RHP Mike Moore
Pitching: RHP Mike Moore
Batting: RHB Larry Berge 0-0: Foul Ball, location: 2F
0-1: Ball
1-1: Ground out 6-3 (Groundball, 56, EV 100.0 MPH)
Batting: LHB Ethan Ware 0-0: Ball
1-0: Foul Ball, location: 2F
1-1: Swinging Strike
1-2: Ball
2-2: Strikes out swinging
Batting: RHB Ray Johnson 0-0: Ground out 4-3 (Groundball, 4S, EV 89.4 MPH)
Bottom of the 1st over - 0 runs, 0 hits, 0 errors, 0 left on base; Louisiana State University 0 - Florida State University 0
TOP OF THE 2ND
Louisiana State University Tigers batting - Pitching for Florida State University Seminoles : LHP Tsuyashi Kurosawa
Batting: RHB Winston Vasquez 0-0: Ground out 6-3 (Groundball, 6, EV 100.6 MPH)
Batting: RHB Keith Ashton 0-0: Ground out 6-3 (Groundball, 6, EV 102.5 MPH)
Batting: LHB Oscar Rivera 0-0: Swinging Strike
0-1: Ball
1-1: Ball
2-1: Foul Ball, location: 2F
2-2: Foul Ball, location: 2F
2-2: Strikes out swinging
Top of the 2nd over - 0 runs, 0 hits, 0 errors, 0 left on base; Louisiana State University 0 - Florida State University 0
BOTTOM OF THE 2ND
Florida State University Seminoles batting - Pitching for Louisiana State University Tigers : RHP Mike Moore
Batting: SHB Sammar Wambugu 0-0: Called Strike
0-1: Called Strike
0-2: Foul Ball, location: 2F
0-2: Foul Ball, location: 2F
0-2: Ball
1-2: Ball
2-2: Fly out, F8 (Flyball, 8RD, EV 96.2 MPH)
Batting: RHB Matt Derry 0-0: Called Strike
0-1: Ball
1-1: Ball
2-1: Ball
3-1: Ground out 4-3 (Groundball, 4, EV 79.4 MPH)
Batting: RHB Ed Vilches 0-0: Swinging Strike
0-1: Called Strike
0-2: Ball
1-2: Ball
2-2: Foul Ball, location: 2F
2-2: Strikes out looking
Bottom of the 2nd over - 0 runs, 0 hits, 0 errors, 0 left on base; Louisiana State University 0 - Florida State University 0
TOP OF THE 3RD
Louisiana State University Tigers batting - Pitching for Florida State University Seminoles : LHP Tsuyashi Kurosawa
Batting: RHB Peter Turcotte 0-0: Fly out, F8 (Flyball, 8LM, EV 95.6 MPH)
Batting: LHB Josh Lane 0-0: Swinging Strike
0-1: Foul Ball, location: 2F
0-2: Foul Ball, location: 2F
0-2: Ball
1-2: Ball
2-2: Ball
3-2: Foul Ball, location: 2F
3-2: Strikes out swinging
Batting: LHB Alex Morales 0-0: SINGLE (Groundball, 3, EV 95.0 MPH)
Batting: LHB Elijah Mallandain 0-0: Ground out U3 (Groundball, 3, EV 85.6 MPH)
Top of the 3rd over - 0 runs, 1 hit, 0 errors, 1 left on base; Louisiana State University 0 - Florida State University 0
BOTTOM OF THE 3RD
Florida State University Seminoles batting - Pitching for Louisiana State University Tigers : RHP Mike Moore
Batting: RHB Ruben Moreno 0-0: Foul Ball, location: 2F
0-1: Ball
1-1: Foul Ball, location: 2F
1-2: Ground out 5-3 (Groundball, 56S, EV 78.8 MPH)
Batting: RHB Bill Christiansen 0-0: Ball
1-0: Foul Ball, location: 2F
1-1: Foul Ball, location: 2F
1-2: Fly out, F8 (Flyball, 8RD, EV 89.4 MPH)
Batting: RHB Terry Cisneros 0-0: Ball
1-0: Called Strike
1-1: Ball
2-1: Fly out, F7 (Flyball, 7S, EV 92.5 MPH)
Bottom of the 3rd over - 0 runs, 0 hits, 0 errors, 0 left on base; Louisiana State University 0 - Florida State University 0
TOP OF THE 4TH
Louisiana State University Tigers batting - Pitching for Florida State University Seminoles : LHP Tsuyashi Kurosawa
Batting: RHB Alfredo Padilla 0-0: Ball
1-0: Swinging Strike
1-1: Foul Ball, location: 2F
1-2: Ball
2-2: Strikes out swinging
Batting: RHB Pete Roberts 0-0: Ball
1-0: Fly out, F4 (Line Drive, 4, EV 68.1 MPH)
Batting: RHB Winston Vasquez 0-0: Ball
1-0: Swinging Strike
1-1: Swinging Strike
1-2: Strikes out looking
Top of the 4th over - 0 runs, 0 hits, 0 errors, 0 left on base; Louisiana State University 0 - Florida State University 0
BOTTOM OF THE 4TH
Florida State University Seminoles batting - Pitching for Louisiana State University Tigers : RHP Mike Moore
Batting: RHB Larry Berge 0-0: Ball
1-0: Foul Ball, location: 2F
1-1: Ground out 6-3 (Groundball, 6, EV 109.4 MPH)
Batting: LHB Ethan Ware 0-0: Ball
1-0: Fly out, F8 (Flyball, 8LXD, EV 98.8 MPH)
Batting: RHB Ray Johnson 0-0: Ball
1-0: Called Strike
1-1: Called Strike
1-2: Strikes out swinging
Bottom of the 4th over - 0 runs, 0 hits, 0 errors, 0 left on base; Louisiana State University 0 - Florida State University 0
TOP OF THE 5TH
Louisiana State University Tigers batting - Pitching for Florida State University Seminoles : LHP Tsuyashi Kurosawa
Batting: RHB Keith Ashton 0-0: Ball
1-0: Foul Ball, location: 2F
1-1: Ball
2-1: Swinging Strike
2-2: Strikes out swinging
Batting: LHB Oscar Rivera 0-0: Called Strike
0-1: Ball
1-1: Foul Ball, location: 2F
1-2: Strikes out swinging
Batting: RHB Peter Turcotte 0-0: Fly out, F7 (Flyball, 7D, EV 99.4 MPH)
Top of the 5th over - 0 runs, 0 hits, 0 errors, 0 left on base; Louisiana State University 0 - Florida State University 0
BOTTOM OF THE 5TH
Florida State University Seminoles batting - Pitching for Louisiana State University Tigers : RHP Mike Moore
Batting: SHB Sammar Wambugu 0-0: Called Strike
0-1: Ball
1-1: Foul Ball, location: 2F
1-2: Ball
2-2: Ground out 6-3 (Groundball, 6, EV 94.4 MPH)
Batting: RHB Matt Derry 0-0: Fly out, F6 (Line Drive, 6, EV 69.4 MPH)
Batting: RHB Ed Vilches 0-0: Called Strike
0-1: Ball
1-1: Ball
2-1: SINGLE (Groundball, 4D, EV 104.4 MPH)
Batting: RHB Ruben Moreno 0-0: Swinging Strike
0-1: Ball
1-1: Foul Ball, location: 2F
1-2: Ball
2-2: Foul Ball, location: 2F
2-2: Fly out, F8 (Flyball, 8LD, EV 105.6 MPH)
Bottom of the 5th over - 0 runs, 1 hit, 0 errors, 1 left on base; Louisiana State University 0 - Florida State University 0
TOP OF THE 6TH
Louisiana State University Tigers batting - Pitching for Florida State University Seminoles : LHP Tsuyashi Kurosawa
Batting: LHB Josh Lane 0-0: Ball
1-0: Foul Ball, location: 2F
1-1: Ball
2-1: Ball
3-1: Called Strike
3-2: Strikes out swinging
Batting: LHB Alex Morales 0-0: Called Strike
0-1: Ball
1-1: Called Strike
1-2: Ball
2-2: Strikes out swinging
Batting: LHB Elijah Mallandain 0-0: Foul Ball, location: 2F
0-1: Ball
1-1: SINGLE (Line Drive, 8RS, EV 107.5 MPH)
Batting: RHB Alfredo Padilla 0-0: Ball
1-0: Foul Ball, location: 2F
1-1: Ball
2-1: Foul Ball, location: 2F
2-2: Ball
3-2: Foul Ball, location: 2F
3-2: Foul Ball, location: 2F
3-2: Ground out 5-3 (Groundball, 56, EV 105.0 MPH)
Top of the 6th over - 0 runs, 1 hit, 0 errors, 1 left on base; Louisiana State University 0 - Florida State University 0
BOTTOM OF THE 6TH
Florida State University Seminoles batting - Pitching for Louisiana State University Tigers : RHP Mike Moore
Batting: RHB Bill Christiansen 0-0: Ball
1-0: Foul Ball, location: 2F
1-1: Foul Ball, location: 2F
1-2: Strikes out looking
Batting: RHB Terry Cisneros 0-0: Called Strike
0-1: Foul Ball, location: 2F
0-2: Ball
1-2: Strikes out looking
Batting: RHB Larry Berge 0-0: Called Strike
0-1: Called Strike
0-2: Strikes out swinging
Bottom of the 6th over - 0 runs, 0 hits, 0 errors, 0 left on base; Louisiana State University 0 - Florida State University 0
TOP OF THE 7TH
Louisiana State University Tigers batting - Pitching for Florida State University Seminoles : LHP Tsuyashi Kurosawa
Pitching: RHP Wade Striegel
Batting: SHB Brian Caruso 0-0: Swinging Strike
0-1: Called Strike
0-2: Ball
1-2: Ball
2-2: Strikes out swinging, 2-3 out at first.
Pinch Hitting: RHB Stewart Walker 0-0: Called Strike
0-1: Called Strike
0-2: Ball
1-2: Ground out 6-3 (Groundball, 6M, EV 88.8 MPH)
Pinch Hitting: RHB Byung-hee Jee 0-0: Ball
1-0: Called Strike
1-1: Ground out 4-3 (Groundball, 4, EV 106.9 MPH)
Top of the 7th over - 0 runs, 0 hits, 0 errors, 0 left on base; Louisiana State University 0 - Florida State University 0
BOTTOM OF THE 7TH
Florida State University Seminoles batting - Pitching for Louisiana State University Tigers : RHP Mike Moore
Pitching: RHP Jessie Amann
Now at 2B: Michael Maier
Now at 3B: Leo Roldan
Batting: LHB Ethan Ware 0-0: Ball
1-0: Ball
2-0: Ground out U3 (Groundball, 3, EV 97.5 MPH)
Pinch Hitting: LHB Matt Stewart 0-0: Fly out, F6 (Popup, 6, EV 57.5 MPH)
Batting: SHB Sammar Wambugu 0-0: Ball
1-0: Ball
2-0: Ball
3-0: Called Strike
3-1: Swinging Strike
3-2: Ground out 6-3 (Groundball, 6, EV 92.5 MPH)
Bottom of the 7th over - 0 runs, 0 hits, 0 errors, 0 left on base; Louisiana State University 0 - Florida State University 0
TOP OF THE 8TH
Louisiana State University Tigers batting - Pitching for Florida State University Seminoles : RHP Wade Striegel
Now in RF: Washichi Goto
Batting: LHB Oscar Rivera 0-0: Foul Ball, location: 2F
0-1: Swinging Strike
0-2: Ball
1-2: Foul Ball, location: 2F
1-2: Fly out, F2 (Popup, 2L, EV 91.2 MPH)
Pinch Hitting: LHB Manny Grado 0-0: Ball
1-0: Foul Ball, location: 2F
1-1: Fly out, F8 (Flyball, 8LD, EV 100.6 MPH)
Batting: LHB Josh Lane 0-0: Called Strike
0-1: Ground out 3-1 (Groundball, 34S, EV 63.1 MPH)
Top of the 8th over - 0 runs, 0 hits, 0 errors, 0 left on base; Louisiana State University 0 - Florida State University 0
BOTTOM OF THE 8TH
Florida State University Seminoles batting - Pitching for Louisiana State University Tigers : RHP Jessie Amann
Now at 1B: David Olivarez
Pinch Hitting: LHB John Doiron 0-0: Ball
1-0: Foul Ball, location: 2F
1-1: Foul Ball, location: 2F
1-2: Ball
2-2: Foul Ball, location: 2F
2-2: Fly out, F9 (Flyball, 89M, EV 93.1 MPH)
Pinch Hitting: RHB George Smienk 0-0: Called Strike
0-1: Ball
1-1: Ball
2-1: Foul Ball, location: 2F
2-2: Ground out 4-3 (Groundball, 4M, EV 81.2 MPH)
Pinch Hitting: LHB Jeff Shields 0-0: Swinging Strike
0-1: Ball
1-1: Fly out, F7 (Flyball, 7LM, EV 95.6 MPH)
Bottom of the 8th over - 0 runs, 0 hits, 0 errors, 0 left on base; Louisiana State University 0 - Florida State University 0
TOP OF THE 9TH
Louisiana State University Tigers batting - Pitching for Florida State University Seminoles : RHP Wade Striegel
Now at C: Hastings Miller
Now at 2B: Larry Berge
Now at SS: Jon Odle
Now in LF: Julio Mendoza
Pinch Hitting: RHB Zachary Acker 0-0: Called Strike
0-1: Ball
1-1: Swinging Strike
1-2: Strikes out swinging
Pinch Hitting: SHB Paul Blaylock 0-0: Ball
1-0: Called Strike
1-1: Foul Ball, location: 2F
1-2: Foul Ball, location: 2F
1-2: Ball
2-2: Ball
3-2: Strikes out looking
Pinch Hitting: LHB Jon Valdez 0-0: Swinging Strike
0-1: Ground out U3 (Groundball, 34, EV 100.6 MPH)
Top of the 9th over - 0 runs, 0 hits, 0 errors, 0 left on base; Louisiana State University 0 - Florida State University 0
BOTTOM OF THE 9TH
Florida State University Seminoles batting - Pitching for Louisiana State University Tigers : RHP Jessie Amann
Pitching: RHP D.J. Ganz
Now at C: Shane Howe
Now in LF: Jake Garza
Now in CF: John Carter
Batting: RHB Jonathan Bruni 0-0: Ball
1-0: Ball
2-0: Called Strike
2-1: Foul Ball, location: 2F
2-2: Strikes out looking
Pinch Hitting: SHB Jason Farr 0-0: Called Strike
0-1: DOUBLE (Line Drive, 9LM, EV 104.4 MPH)
Pinch Hitting: SHB John Welsh 0-0: Intentional Walk
Pinch Hitting: RHB Bart Hall 0-0: Fly out, F7 (Flyball, 7D, EV 98.1 MPH)
Runner from 2nd tags up, SAFE at 3rd, no throw by LF
Pinch Hitting: RHB Grayson Carmichael 0-0: Ball
1-0: Fly out, F3 (Popup, 3SF, EV 77.5 MPH)
Bottom of the 9th over - 0 runs, 1 hit, 0 errors, 2 left on base; Louisiana State University 0 - Florida State University 0
TOP OF THE 10TH
Louisiana State University Tigers batting - Pitching for Florida State University Seminoles : RHP Wade Striegel
Pitching: RHP John Scott
Now at 1B: John Hunt
Now at 2B: David Lucarelli
Now at 3B: Randy Bartlett
Now in RF: Brian Clayton
Batting: SHB Brian Caruso 0-0: Ball
1-0: Ball
2-0: Swinging Strike
2-1: Foul Ball, location: 2F
2-2: Foul Ball, location: 2F
2-2: Ball
3-2: Strikes out swinging
Batting: RHB Leo Roldan 0-0: Ball
1-0: Ball
2-0: Ball
3-0: Base on Balls
Pinch Hitting: RHB Steve McCoig 0-0: Foul Ball, location: 2F
0-1: Swinging Strike
0-2: Strikes out swinging
Pinch Hitting: RHB Bernie Benavides 0-0: Foul Ball, location: 2F
0-1: Swinging Strike
0-2: SINGLE (Groundball, 56S, EV 71.2 MPH) (infield hit)
Leo Roldan to second
Pinch Hitting: LHB Earl Silver 0-0: Ball
1-0: Ball
2-0: Ball
3-0: Called Strike
3-1: Swinging Strike
3-2: Fly out, F9 (Flyball, 89D, EV 96.2 MPH)
Top of the 10th over - 0 runs, 1 hit, 0 errors, 2 left on base; Louisiana State University 0 - Florida State University 0
BOTTOM OF THE 10TH
Florida State University Seminoles batting - Pitching for Louisiana State University Tigers : RHP D.J. Ganz
Now at 1B: Ding-bong Zhào
Now at 2B: Mike Catalano
Now in RF: Elvin Ruffolo
Batting: SHB Sammar Wambugu 0-0: Called Strike
0-1: Fly out, F8 (Flyball, 78M, EV 96.9 MPH)
Batting: RHB Julio Mendoza 0-0: Ball
1-0: Swinging Strike
1-1: Foul Ball, location: 2F
1-2: Ball
2-2: Foul Ball, location: 2F
2-2: Ground out 6-3 (Groundball, 6, EV 103.1 MPH)
Batting: SHB Jon Odle 0-0: Called Strike
0-1: Foul Ball, location: 2F
0-2: Ball
1-2: Foul Ball, location: 2F
1-2: Ball
2-2: Ball
3-2: Fly out, F8 (Line Drive, 8LM, EV 85.6 MPH)
Bottom of the 10th over - 0 runs, 0 hits, 0 errors, 0 left on base; Louisiana State University 0 - Florida State University 0
TOP OF THE 11TH
Louisiana State University Tigers batting - Pitching for Florida State University Seminoles : RHP John Scott
Pitching: LHP Nick Linkletter
Pinch Hitting: SHB Graham Beamish 0-0: Ball
1-0: Ball
2-0: Ball
3-0: Called Strike
3-1: Foul Ball, location: 2F
3-2: Foul Ball, location: 2F
3-2: Foul Ball, location: 2F
3-2: Strikes out swinging
Batting: LHB John Carter 0-0: Swinging Strike
0-1: Ball
1-1: Ball
2-1: Foul Ball, location: 2F
2-2: Ball
3-2: Strikes out swinging
Batting: RHB Jake Garza 0-0: Called Strike
0-1: SINGLE (Groundball, 6MD, EV 97.5 MPH)
Pinch Hitting: RHB Johnny Healey 0-0: Swinging Strike
0-1: Ball
1-1: Ball
2-1: Fielders Choice at 2nd, U6 (Groundball, 6M, EV 89.4 MPH)
Top of the 11th over - 0 runs, 1 hit, 0 errors, 1 left on base; Louisiana State University 0 - Florida State University 0
BOTTOM OF THE 11TH
Florida State University Seminoles batting - Pitching for Louisiana State University Tigers : RHP D.J. Ganz
Now at C: Stone Fraser
Now at SS: David Dye
Pinch Hitting: RHB J.R. Harvey 0-0: Called Strike
0-1: Ground out 6-3 (Groundball, 6, EV 99.4 MPH)
Batting: RHB Jonathan Bruni 0-0: Ball
1-0: Called Strike
1-1: Ball
2-1: Ball
3-1: Foul Ball, location: 2F
3-2: Foul Ball, location: 2F
3-2: Base on Balls
Batting: RHB Randy Bartlett 0-0: Foul Ball, location: 2F
0-1: Ball
1-1: Foul Ball, location: 2F
1-2: Strikes out swinging
Batting: LHB Brian Clayton 0-0: Ball
Wild Pitch!
Jonathan Bruni to second
1-0: Intentional Walk
Pitching: RHP Brian Hilbert
Pinch Hitting: RHB Tony Valdez 0-0: Ball
1-0: Foul Ball, location: 2F
1-1: Called Strike
1-2: Foul Ball, location: 2F
1-2: Ball
2-2: Ball
3-2: Foul Ball, location: 2F
3-2: Foul Ball, location: 2F
3-2: Base on Balls
Jonathan Bruni to third
Brian Clayton to second
Pinch Hitting: RHB Jayden Lindsey 0-0: Ball
1-0: Ball
2-0: Called Strike
2-1: Foul Ball, location: 2F
2-2: Strikes out looking
Bottom of the 11th over - 0 runs, 0 hits, 0 errors, 3 left on base; Louisiana State University 0 - Florida State University 0
TOP OF THE 12TH
Louisiana State University Tigers batting - Pitching for Florida State University Seminoles : LHP Nick Linkletter
Now at C: Tony Valdez
Now at 1B: Jorge Grijalva
Now at 2B: Jon Odle
Now at SS: J.R. Harvey
Batting: SHB Brian Caruso 0-0: Swinging Strike
0-1: Hit by Pitch
Batting: RHB Leo Roldan 0-0: Ball
1-0: Called Strike
1-1: Foul Ball, location: 2F
1-2: Foul Ball, location: 2F
1-2: Foul Ball, location: 2F
1-2: SINGLE (Line Drive, 78S, EV 103.8 MPH)
Brian Caruso to second
Batting: RHB Elvin Ruffolo 0-0: Ball
1-0: Swinging Strike
1-1: Foul Ball, location: 2F
1-2: Ball
2-2: Ball
3-2: Grounds into double play, 6-4-3 (Groundball, 6, EV 83.8 MPH)
Brian Caruso to third
Batting: RHB Mike Catalano 0-0: Intentional Walk
Batting: RHB Ding-bong Zhào 0-0: Called Strike
0-1: Ball
1-1: Swinging Strike
1-2: Foul Ball, location: 2F
1-2: Strikes out looking
Top of the 12th over - 0 runs, 1 hit, 0 errors, 2 left on base; Louisiana State University 0 - Florida State University 0
BOTTOM OF THE 12TH
Florida State University Seminoles batting - Pitching for Louisiana State University Tigers : RHP Brian Hilbert
Batting: SHB Sammar Wambugu 0-0: Ball
1-0: Called Strike
1-1: Ball
2-1: Foul Ball, location: 2F
2-2: Foul Ball, location: 2F
2-2: Strikes out swinging
Batting: RHB Julio Mendoza 0-0: Called Strike
0-1: Foul Ball, location: 2F
0-2: Foul Ball, location: 2F
0-2: Strikes out swinging
Batting: SHB Jon Odle 0-0: Foul Ball, location: 2F
0-1: Ball
1-1: Ball
2-1: Ground out 4-3 (Groundball, 4, EV 78.1 MPH)
Bottom of the 12th over - 0 runs, 0 hits, 0 errors, 0 left on base; Louisiana State University 0 - Florida State University 0
TOP OF THE 13TH
Louisiana State University Tigers batting - Pitching for Florida State University Seminoles : LHP Nick Linkletter
Pitching: LHP Dan Monk
Batting: SHB Stone Fraser 0-0: Ball
1-0: Ground out 1-3 (Groundball, 15S, EV 72.5 MPH)
Batting: LHB John Carter 0-0: Ball
1-0: Swinging Strike
1-1: Ball
2-1: Swinging Strike
2-2: Strikes out swinging
Batting: RHB Jake Garza 0-0: Ball
1-0: Fly out, F9 (Flyball, 9, EV 96.2 MPH)
Top of the 13th over - 0 runs, 0 hits, 0 errors, 0 left on base; Louisiana State University 0 - Florida State University 0
BOTTOM OF THE 13TH
Florida State University Seminoles batting - Pitching for Louisiana State University Tigers : RHP Brian Hilbert
Pitching: LHP Bob Arms
Batting: RHB J.R. Harvey 0-0: Ball
1-0: Foul Ball, location: 2F
1-1: SOLO HOME RUN (Flyball, 7LD, EV 91.2 MPH), Distance : 328 ft
Bottom of the 13th over - 1 run, 1 hit, 0 errors, 0 left on base; Louisiana State University 0 - Florida State University 1
Tuesday, September 13th , 2022 - OOTP Baseball 23.7 Build 88